AoeStats
← JosephFasterconquer

Arabia

510733331Analyzed
2v2 RM · 21h ago on Oct 2, 2026· 36m 47s· 4 players
Game mode
Random Map
Map size
Medium (4 player)
Population
200
Speed
Normal
Resources
Standard
Victory
Conquest
Starting age
Dark Age
Ending age
Imperial Age
RankedLock teamsTeams togetherTeam positionsShared explorationLock speedFull tech treeHidden civsTurbo modeCheats
Victory
Defeat
🇨🇳 Mongols · China
1049
+15
🇦🇷 Mapuche · Argentina
1036
-15
🇲🇽 Wu · Mexico
1009
-14
JosephFasterconquer
5:04 Loom
11:27 Feudal Age
18:06 Castle Age
16:17 Horse Collar
17:20 Double-Bit Axe
23:13 Wheelbarrow
25:11 Hand Cart
26:50 Red Cliffs Tactics
27:34 Atonement
27:49 Fervor
31:16 Fletching
33:02 Squires
33:34 Scale Mail Armor
gutierrezpa4
10:20 Feudal Age
9:09 Loom
15:01 Castle Age
13:50 Double-Bit Axe
21:00 Horse Collar
23:25 Forging
25:03 Iron Casting
25:51 Wheelbarrow
29:03 Fletching
30:44 Bow Saw
31:23 Gold Mining
32:33 Bodkin Arrow
33:45 Hand Cart
35:58 Heavy Plow
36:05 Padded Archer Armor
Mr.Bean
6:39 Loom
9:11 Feudal Age
9:56 Double-Bit Axe
11:20 Horse Collar
18:12 Gold Mining
20:39 Castle Age
19:45 Scale Barding Armor
19:51 Forging
19:32 Fletching
20:33 Padded Archer Armor
20:42 Elite Skirmisher
21:35 Husbandry
23:02 Wheelbarrow
23:50 Bloodlines
25:31 Light Cavalry
26:34 Bodkin Arrow
28:52 Bow Saw
28:44 Heavy Plow
30:58 Leather Archer Armor
32:22 Devotion
34:56 Thumb Ring
36:14 Ballistics
36:16 Chain Barding Armor
36:07 Forging
37:54 Iron Casting
B站-小伍长-玩战雷的弱智有点多...
7:59 Loom
10:16 Feudal Age
11:10 Double-Bit Axe
12:11 Horse Collar
18:11 Castle Age
16:48 Scale Mail Armor
17:17 Gold Mining
18:09 Forging
19:21 Squires
19:32 Pikeman
20:27 Heavy Plow
21:25 Chain Mail Armor
23:42 Iron Casting
25:32 Town Watch
27:27 Wheelbarrow
27:20 Fletching
30:27 Bodkin Arrow
31:25 Bloodlines
31:16 Husbandry
31:27 Scale Barding Armor
35:35 Imperial Age
36:01 Stone Mining
36:47 Gold Shaft Mining
Connection lost

Rejoining the realm…

Still unreachable

The connection could not be restored.

Session expired

The server has moved on; the page needs a fresh start.